[Event "ICC tourney 2517 (60 10)"]
[Site "Internet Chess Club"]
[Date "2021.04.17"]
[Round "1"]
[White "LODH, ANJALI:ChessHawk8"]
[Black "CHEUNG, RYAN:H2ODerp"]
[Result "0-1"]
[ICCResult "White resigns"]
[WhiteElo "1584"]
[BlackElo "2076"]
[Opening "French: Steinitz variation"]
[ECO "C11"]
[NIC "FR.04"]
[Time "10:02:05"]
[PlyCount "118"]
[TimeControl "3600+10"]

1. e4 e6 2. d4 d5 3. Nc3 Nf6 4. e5 Nfd7 5. f4 c5 6. Nf3 Be7 7. Be2 O-O 8.
Be3 b6 9. O-O Ba6 10. Bxa6 Nxa6 11. Qe2 Nc7 12. Rad1 a5 13. dxc5 bxc5 14.
Bc1 Qc8 15. Qd3 Qa6 16. f5 Qxd3 17. Rxd3 Nb6 18. f6 gxf6 19. Bh6 c4 20.
Bxf8 Bxf8 21. Rdd1 f5 22. Kh1 Bg7 23. h3 Nd7 24. Rde1 Rb8 25. b3 cxb3 26.
cxb3 Na6 27. g4 Rc8 28. Nb5 fxg4 29. Nd6 Rf8 30. hxg4 Nb4 31. Re2 Nd3 32.
Nb7 Ra8 33. Ng5 N3xe5 34. Nd6 Rf8 35. Ref2 h6 36. Ngxf7 Nxg4 37. Rf4 Ndf6
38. Rg1 h5 39. Rd4 Rxf7 40. Nxf7 Kxf7 41. Rf4 e5 42. Ra4 Ke6 43. Rxa5 e4
44. Ra6+ Ke5 45. Ra7 Bh6 46. Re7+ Kf4 47. Rf1+ Ke3 48. Rf7 d4 49. R7xf6
Nxf6 50. Rxf6 Bf4 51. a4 d3 52. Rf7 d2 53. Rd7 Ke2 54. a5 d1=Q+ 55. Rxd1
Kxd1 56. a6 Bb8 57. b4 e3 58. b5 Ba7 59. Kg2 e2 { White resigns } 0-1

[Event "ICC tourney 2517 (60 10)"]
[Site "Internet Chess Club"]
[Date "2021.04.17"]
[Round "1"]
[White "NICHOLSON, IAN:outpost"]
[Black "SHERIF, SAMEER:SAsameer"]
[Result "1-0"]
[ICCResult "Black checkmated"]
[WhiteElo "1819"]
[BlackElo "1428"]
[Opening "QGD Slav defense"]
[ECO "D10"]
[NIC "SL.01"]
[Time "10:01:56"]
[PlyCount "69"]
[TimeControl "3600+10"]

1. d4 d5 2. c4 c6 3. Nc3 Bf5 4. Qb3 Qb6 5. Qxb6 axb6 6. cxd5 Nf6 7. f3 cxd5
8. g4 Be6 9. Nh3 Nc6 10. Be3 Bxg4 11. fxg4 e6 12. g5 Ng4 13. Bg1 Bb4 14.
Nf4 h6 15. gxh6 Rxh6 16. Nd3 Nf6 17. Nxb4 Nxb4 18. Kd2 Ne4+ 19. Nxe4 dxe4
20. a3 e5 21. Rc1 Nc6 22. e3 Rd6 23. Bb5 Ke7 24. Bxc6 bxc6 25. Ke2 exd4 26.
exd4 Ra5 27. Ke3 f5 28. Bf2 g5 29. h4 gxh4 30. Bxh4+ Kd7 31. Bg3 Rg6 32.
Rh7+ Ke8 33. Be5 c5 34. Kf4 cxd4 35. Rc8# { Black checkmated } 1-0

[Event "ICC tourney 2517 (60 10)"]
[Site "Internet Chess Club"]
[Date "2021.04.17"]
[Round "1"]
[White "HARDAWAY, BREWINGTON:CoolBoy2020"]
[Black "SRINIVASAN, ARJUN:ajedrez7"]
[Result "0-1"]
[ICCResult "White checkmated"]
[WhiteElo "2201"]
[BlackElo "1606"]
[Opening "Sicilian: Taimanov (Bastrikov) variation"]
[ECO "B47"]
[NIC "SI.40"]
[Time "10:01:53"]
[PlyCount "132"]
[TimeControl "3600+10"]

1. e4 c5 2. Nf3 e6 3. d4 cxd4 4. Nxd4 Nc6 5. Nc3 Qc7 6. Be2 a6 7. O-O Nf6
8. Be3 Bb4 9. Nxc6 bxc6 10. Bf3 d5 11. exd5 cxd5 12. Bd4 Be7 13. Qe2 O-O
14. Rfe1 Bb7 15. Rad1 Bc6 16. Qe3 Rfe8 17. Qg5 h6 18. Qg3 Qxg3 19. hxg3 Nd7
20. Rd2 Bf6 21. Bxf6 Nxf6 22. Rde2 Rab8 23. b3 Rec8 24. Nb1 Bb5 25. Rd2 Rc7
26. Na3 Rbc8 27. Rc1 Rc3 28. Nb1 R3c7 29. c3 Nd7 30. Re1 a5 31. a4 Ba6 32.
b4 Bc4 33. Bd1 Rb8 34. b5 Nb6 35. Na3 Kf8 36. f4 Ke7 37. Kf2 Rd8 38. Re3
Rd6 39. g4 Kf6 40. Ree2 Bxe2 41. Kxe2 Rxc3 42. Nc2 Rc4 43. g3 Nxa4 44. Ne3
Rb4 45. Kf3 Nc3 46. Bc2 Nxb5 47. Bd3 a4 48. Kg2 a3 49. Nc2 Rb2 50. Kh3 a2
51. Bxb5 Rxc2 52. Rd1 Rb2 53. Bd3 Rd8 54. Rf1 Rdb8 55. g5+ hxg5 56. fxg5+
Ke7 57. Ra1 R8b3 58. Bh7 g6 59. Rc1 Rb7 60. Ra1 Ra7 61. Bxg6 fxg6 62. Rh1
Rb1 63. Rh2 a1=Q 64. g4 Qh8+ 65. Kg3 Ra3+ 66. Kf4 Qxh2# { White checkmated
} 0-1

[Event "ICC tourney 2517 (60 10)"]
[Site "Internet Chess Club"]
[Date "2021.04.17"]
[Round "2"]
[White "CHANDI, ISHNOOR SINGH:Ishnoor"]
[Black "TORRES, ETHAN:chess4bigbrain"]
[Result "1-0"]
[ICCResult "Black checkmated"]
[WhiteElo "1545"]
[BlackElo "1077"]
[Opening "Caro-Kann: closed (Breyer) variation"]
[ECO "B10"]
[NIC "CK.01"]
[Time "13:29:01"]
[PlyCount "39"]
[TimeControl "3600+10"]

1. e4 c6 2. d3 d5 3. Nd2 e6 4. Ngf3 Bd6 5. g3 Nd7 6. Bg2 f5 7. O-O Ngf6 8.
Re1 fxe4 9. dxe4 dxe4 10. Nxe4 Nxe4 11. Rxe4 Nc5 12. Rd4 O-O 13. Rxd6 Qf6
14. Be3 Ne4 15. Rd4 Nc5 16. Rf4 Qe7 17. Rxf8+ Qxf8 18. Bxc5 Qf7 19. Qd8+
Qf8 20. Qxf8# { Black checkmated } 1-0

[Event "ICC tourney 2517 (60 10)"]
[Site "Internet Chess Club"]
[Date "2021.04.17"]
[Round "2"]
[White "HARDAWAY, BREWINGTON:CoolBoy2020"]
[Black "GILLMAN, JONES:JonesGill"]
[Result "1-0"]
[ICCResult "Black checkmated"]
[WhiteElo "2201"]
[BlackElo "1387"]
[Opening "Scandinavian: Marshall variation"]
[ECO "B01"]
[NIC "SD.03"]
[Time "13:28:39"]
[PlyCount "69"]
[TimeControl "3600+10"]

1. e4 d5 2. exd5 Nf6 3. d4 Nxd5 4. Nf3 Bg4 5. Bc4 e6 6. Nbd2 Nc6 7. c3 Be7
8. h3 Bh5 9. O-O O-O 10. Ne4 h6 11. Ng3 Bg6 12. Bb5 a6 13. Bxc6 bxc6 14.
Ne5 Qd7 15. Nxd7 Rfd8 16. Ne5 c5 17. Nxg6 fxg6 18. Qg4 Kf7 19. dxc5 Bxc5
20. Be3 Bxe3 21. fxe3+ Nf6 22. Rxf6+ gxf6 23. Qf4 e5 24. Qc4+ Kg7 25. Qxc7+
Kg8 26. Ne4 Rf8 27. Rd1 Rac8 28. Nxf6+ Rxf6 29. Qxc8+ Rf8 30. Qe6+ Kh8 31.
Qxe5+ Kg8 32. Rd7 Rf1+ 33. Kxf1 Kf8 34. Qg7+ Ke8 35. Qf7# { Black
checkmated } 1-0

[Event "ICC tourney 2517 (60 10)"]
[Site "Internet Chess Club"]
[Date "2021.04.17"]
[Round "2"]
[White "Messinger, Dashiell:dancingbananas"]
[Black "GOLDEN, RIPLEY:rgolden277"]
[Result "0-1"]
[ICCResult "White checkmated"]
[WhiteElo "1251"]
[BlackElo "1554"]
[Opening "Scotch game"]
[ECO "C45"]
[NIC "SO.05"]
[Time "13:28:37"]
[PlyCount "30"]
[TimeControl "3600+10"]

1. e4 e5 2. Nf3 Nc6 3. d4 exd4 4. Nxd4 Bc5 5. Be3 Qf6 6. c3 Nge7 7. Bc4 Ne5
8. Bb3 d6 9. O-O O-O 10. h3 Qg6 11. Kh1 Bxh3 12. gxh3 Qxe4+ 13. f3 Qxe3 14.
Re1 Qh6 15. Rg1 Qxh3# { White checkmated } 0-1

[Event "ICC tourney 2517 (60 10)"]
[Site "Internet Chess Club"]
[Date "2021.04.17"]
[Round "2"]
[White "JOSEPH, JAHIA:ZhonglisMeteor"]
[Black "JIANG, ANDY:anan193"]
[Result "0-1"]
[ICCResult "White resigns"]
[WhiteElo "1385"]
[BlackElo "1618"]
[Opening "Queen's pawn: London system"]
[ECO "A45"]
[NIC "QP.05"]
[Time "13:28:57"]
[PlyCount "74"]
[TimeControl "3600+10"]

1. d4 Nf6 2. Bf4 e6 3. Nf3 Nc6 4. e3 b6 5. Bd3 Bb7 6. O-O Be7 7. Nbd2 Nh5
8. Re1 Nxf4 9. exf4 O-O 10. c3 h6 11. Qc2 Bd6 12. Ne5 Bxe5 13. fxe5 Ne7 14.
Re3 Nd5 15. Rg3 Nf4 16. Re1 Nxd3 17. Qxd3 d6 18. Nf3 dxe5 19. Nxe5 Rc8 20.
Ree3 c5 21. dxc5 Rxc5 22. Nd7 Rd5 23. Nxf8 Rxd3 24. Rxd3 Qxf8 25. Rg4 Bd5
26. c4 Qb4 27. h3 Qe1+ 28. Kh2 Be4 29. Re3 Qxf2 30. Rexe4 Qxb2 31. a4 f5
32. Rxe6 fxg4 33. hxg4 Qb4 34. Re8+ Kf7 35. Rc8 Qxa4 36. Rc7+ Kg6 37. c5
Qf4+ { White resigns } 0-1

[Event "ICC tourney 2517 (60 10)"]
[Site "Internet Chess Club"]
[Date "2021.04.17"]
[Round "2"]
[White "Lee, Noah:noahl08"]
[Black "LANCMAN, KALEB:kaleblancman"]
[Result "0-1"]
[ICCResult "White resigns"]
[WhiteElo "1454"]
[BlackElo "1839"]
[Opening "Caro-Kann: exchange variation"]
[ECO "B13"]
[NIC "CK.02"]
[Time "13:28:39"]
[PlyCount "72"]
[TimeControl "3600+10"]

1. e4 c6 2. d4 d5 3. exd5 cxd5 4. Nf3 Nc6 5. Bf4 Bg4 6. c3 e6 7. Nbd2 Nf6
8. Bb5 Bd6 9. Bxd6 Qxd6 10. h3 Bh5 11. Nb3 a6 12. Bxc6+ Qxc6 13. Nc5 Ne4
14. Nd3 O-O 15. g4 Bg6 16. Nfe5 Qd6 17. Nxg6 fxg6 18. Qe2 Rf6 19. O-O-O
Raf8 20. Rd2 Nxd2 21. Qxd2 Rf3 22. Re1 Rxh3 23. Nc5 Qf4 24. Qxf4 Rxf4 25.
Nxe6 Rxf2 26. Ng5 Rg3 27. Re8+ Rf8 28. Rxf8+ Kxf8 29. Ne6+ Ke7 30. Nf4 Kd6
31. Nd3 Rxg4 32. Nf2 Rg2 33. Nd3 g5 34. Ne5 h5 35. Nd3 h4 36. Ne1 h3 {
White resigns } 0-1

[Event "ICC tourney 2517 (60 10)"]
[Site "Internet Chess Club"]
[Date "2021.04.17"]
[Round "2"]
[White "WANG, KEVIN:Deepbrainfinal"]
[Black "MISHRA, ARYAN:incredibleking"]
[Result "1-0"]
[ICCResult "Black checkmated"]
[WhiteElo "1431"]
[BlackElo "1736"]
[Opening "Nimzo-Indian: 4.e3 e8g8, 5.Nf3 d7d5"]
[ECO "E51"]
[NIC "NI.06"]
[Time "13:28:47"]
[PlyCount "67"]
[TimeControl "3600+10"]

1. d4 Nf6 2. c4 e6 3. e3 d5 4. Nc3 Bb4 5. Nf3 O-O 6. Bd3 c6 7. O-O Nbd7 8.
Bd2 Qc7 9. a3 Be7 10. Rc1 e5 11. cxd5 exd4 12. exd4 c5 13. dxc5 Bxc5 14. b4
Bb6 15. a4 Qd8 16. a5 Bc7 17. Nb5 Nxd5 18. Nxc7 Nxc7 19. Bxh7+ Kxh7 20.
Qc2+ Kg8 21. Qxc7 Qxc7 22. Rxc7 Nf6 23. Rc4 Be6 24. Rh4 Rac8 25. Ng5 Rfe8
26. Nxe6 Rxe6 27. Be3 a6 28. Rd1 g6 29. Bd4 Kg7 30. g4 Rc4 31. g5 Kg8 32.
Bxf6 Rxh4 33. Rd8+ Kh7 34. Rh8# { Black checkmated } 1-0

[Event "ICC tourney 2517 (60 10)"]
[Site "Internet Chess Club"]
[Date "2021.04.17"]
[Round "2"]
[White "BURTON, ERICA:EChessPlayer"]
[Black "BAILEY, AIDEN:upcomingmaster"]
[Result "0-1"]
[ICCResult "White checkmated"]
[WhiteElo "1039"]
[BlackElo "1549"]
[Opening "Caro-Kann defense"]
[ECO "B11"]
[NIC "CK.01"]
[Time "13:28:37"]
[PlyCount "84"]
[TimeControl "3600+10"]

1. e4 c6 2. Nc3 d5 3. exd5 cxd5 4. d4 Nc6 5. Nf3 g6 6. Be2 Bg7 7. O-O Nh6
8. h3 O-O 9. Re1 Kh8 10. Ne5 f6 11. Nxc6 bxc6 12. Bd3 Nf7 13. h4 e5 14. h5
e4 15. Be2 Qd6 16. hxg6 hxg6 17. a4 Bh6 18. Bxh6 Nxh6 19. Rb1 Kg7 20. b4
Rh8 21. f3 e3 22. Bd3 Nf5 23. Bxf5 Qh2+ 24. Kf1 Qg3 25. Rxe3 Rh1+ 26. Ke2
Qxg2+ 27. Kd3 Bxf5+ 28. Ne4 dxe4+ 29. fxe4 Rxd1+ 30. Rxd1 Be6 31. Rde1 Rd8
32. R1e2 Qg5 33. Rf2 Qe5 34. c3 a5 35. bxa5 Qxa5 36. Ref3 Qxa4 37. Rxf6
Qc4+ 38. Kd2 Ra8 39. R2f3 Ra2+ 40. Kd1 Bg4 41. e5 Qe2+ 42. Kc1 Qc2# { White
checkmated } 0-1

[Event "ICC tourney 2517 (60 10)"]
[Site "Internet Chess Club"]
[Date "2021.04.17"]
[Round "2"]
[White "WANG, ELLEN:SkyAngel"]
[Black "SMITH, SILAS:agent1337"]
[Result "1-0"]
[ICCResult "Black checkmated"]
[WhiteElo "2168"]
[BlackElo "1717"]
[Opening "Sicilian defense"]
[ECO "B40"]
[NIC "SI.43"]
[Time "13:28:46"]
[PlyCount "53"]
[TimeControl "3600+10"]

1. e4 c5 2. Nf3 e6 3. g3 a6 4. Bg2 Nc6 5. O-O d6 6. d4 cxd4 7. Nxd4 Nxd4 8.
Qxd4 Nf6 9. c4 Be7 10. Nc3 Qc7 11. b3 Bd7 12. Bb2 O-O 13. Rac1 Rac8 14.
Rfd1 e5 15. Qd3 Bg4 16. Bf3 Bxf3 17. Qxf3 Nd7 18. Nd5 Qd8 19. Ba3 Nc5 20.
Bxc5 Rxc5 21. h4 Qd7 22. Qf5 Rd8 23. Qxd7 Rxd7 24. Nxe7+ Rxe7 25. Rxd6 Rcc7
26. Rd8+ Re8 27. Rxe8# { Black checkmated } 1-0

[Event "ICC tourney 2517 (60 10)"]
[Site "Internet Chess Club"]
[Date "2021.04.17"]
[Round "2"]
[White "CAO, ZHIYU:BlueZillop"]
[Black "GILLSTON, NOAH:Noahchess328"]
[Result "0-1"]
[ICCResult "White checkmated"]
[WhiteElo "1312"]
[BlackElo "1604"]
[Opening "Queen's gambit declined"]
[ECO "D35"]
[NIC "EO.64"]
[Time "13:29:01"]
[PlyCount "104"]
[TimeControl "3600+10"]

1. c4 e6 2. d4 d5 3. cxd5 exd5 4. Nc3 Nf6 5. Nf3 Bd6 6. g3 O-O 7. Bg2 c6 8.
O-O Bg4 9. h3 Bh5 10. Re1 Re8 11. Qb3 Qc7 12. Bg5 Nbd7 13. Nd2 h6 14. Bxf6
Nxf6 15. e4 dxe4 16. Ndxe4 Nxe4 17. Nxe4 Bf8 18. Qc3 Rad8 19. d5 Qb6 20.
dxc6 Bb4 21. Qb3 Bxe1 22. Qxb6 axb6 23. c7 Rd7 24. Rxe1 Rc8 25. Nc3 Rdxc7
26. Nd5 Rc1 27. Ne7+ Kf8 28. Nxc8 Rxe1+ 29. Kh2 Re2 30. Nxb6 Rxf2 31. g4
Bg6 32. Nd7+ Ke7 33. Ne5 Be4 34. Kg1 Rxg2+ 35. Kf1 Rxb2 36. Nc4 Bd3+ 37.
Ke1 Bxc4 38. a4 Ra2 39. h4 Rxa4 40. g5 hxg5 41. hxg5 b5 42. g6 fxg6 43. Kd2
g5 44. Ke3 b4 45. Kd4 b3 46. Kc3 g4 47. Kb2 Ra2+ 48. Kc3 Rc2+ 49. Kb4 b2
50. Ka3 b1=Q 51. Ka4 Qb5+ 52. Ka3 Ra2# { White checkmated } 0-1

[Event "ICC tourney 2517 (60 10)"]
[Site "Internet Chess Club"]
[Date "2021.04.17"]
[Round "2"]
[White "Krishna, Rohan:RohanKrishna"]
[Black "LESCHINSKY, GARY:GLeschinsky"]
[Result "0-1"]
[ICCResult "White resigns"]
[WhiteElo "1702"]
[BlackElo "2090"]
[Opening "Caro-Kann: Steinitz variation"]
[ECO "B17"]
[NIC "CK.05"]
[Time "13:28:57"]
[PlyCount "42"]
[TimeControl "3600+10"]

1. e4 c6 2. d4 d5 3. Nc3 dxe4 4. Nxe4 Nd7 5. Ng5 h6 6. Ne6 Qb6 7. Nxf8 Nxf8
8. c3 Nf6 9. Bd3 Bg4 10. Qc2 Bh5 11. Ne2 Bg6 12. Nf4 Bxd3 13. Nxd3 N8d7 14.
Bf4 O-O 15. O-O Rac8 16. Rfe1 Nd5 17. Bg3 Rfe8 18. Ne5 Nxe5 19. Bxe5 c5 20.
dxc5 Qxc5 21. Bd4 Qxd4 { White resigns } 0-1

[Event "ICC tourney 2517 (60 10)"]
[Site "Internet Chess Club"]
[Date "2021.04.17"]
[Round "2"]
[White "NANUGONDA, VISHVA:Vish1080"]
[Black "KIM, CHARLIE BEAR:charliekim"]
[Result "1-0"]
[ICCResult "Black resigns"]
[WhiteElo "1832"]
[BlackElo "1422"]
[Opening "Réti opening"]
[ECO "A04"]
[NIC "QP.11"]
[Time "13:28:36"]
[PlyCount "44"]
[TimeControl "3600+10"]

1. Nf3 Nc6 2. d4 Nf6 3. c4 d5 4. cxd5 Nxd5 5. e4 Nb6 6. d5 Nb8 7. Nc3 Bg4
8. Be2 e5 9. Nxe5 Bxe2 10. Qxe2 Bd6 11. Nf3 f6 12. Nd4 Qe7 13. Nf5 Qd7 14.
O-O Na6 15. Be3 O-O-O 16. Nxd6+ Qxd6 17. Nb5 Qe7 18. Nxa7+ Kb8 19. Bxb6
cxb6 20. Qxa6 Qxe4 21. Qxb6 Qxd5 22. Nb5 Rhe8 { Black resigns } 1-0

[Event "ICC tourney 2517 (60 10)"]
[Site "Internet Chess Club"]
[Date "2021.04.17"]
[Round "2"]
[White "LOCHAM, DIVJOT SINGH:winner08"]
[Black "Xiao, Marina:marinaxiao"]
[Result "1-0"]
[ICCResult "Black resigns"]
[WhiteElo "1809"]
[BlackElo "1512"]
[Opening "Sicilian: Nimzovich-Rossolimo attack (without ...d6)"]
[ECO "B30"]
[NIC "SI.31"]
[Time "13:28:40"]
[PlyCount "80"]
[TimeControl "3600+10"]

1. e4 c5 2. Nf3 Nc6 3. Bb5 e6 4. O-O Nf6 5. Re1 Be7 6. c3 O-O 7. d4 cxd4 8.
cxd4 d5 9. Nc3 a6 10. Ba4 b5 11. Bc2 Bb7 12. e5 Nd7 13. Qd3 g6 14. Qe3 Re8
15. Qh6 Bf8 16. Qf4 f6 17. Qg4 b4 18. Nd1 Bc8 19. h4 Bg7 20. h5 fxe5 21.
hxg6 hxg6 22. Bxg6 Rf8 23. Qh3 Nf6 24. dxe5 Nxe5 25. Nxe5 Qb6 26. Be3 d4
27. Bg5 Qc7 28. Rc1 Qb7 29. Bxf6 Bxf6 30. Be4 Qg7 31. Bxa8 Bxe5 32. Be4 Bf4
33. Rxc8 Rxc8 34. Qxe6+ Qf7 35. Qxc8+ Qf8 36. Bd5+ Kg7 37. Qg4+ Kh8 38.
Qh4+ Kg7 39. Re7+ Kg6 40. Be4+ Qf5 { Black resigns } 1-0

[Event "ICC tourney 2517 (60 10)"]
[Site "Internet Chess Club"]
[Date "2021.04.17"]
[Round "2"]
[White "Reiss, Aiden:Aidenrchess"]
[Black "YU, SICHENG:CheddarCheng1"]
[Result "1-0"]
[ICCResult "Black resigns"]
[WhiteElo "1853"]
[BlackElo "1427"]
[Opening "Ruy Lopez: Marshall, main line, 14...Qh3"]
[ECO "C89"]
[NIC "RL.17"]
[Time "13:28:30"]
[PlyCount "65"]
[TimeControl "3600+10"]

1. e4 e5 2. Nf3 Nc6 3. Bb5 a6 4. Ba4 Nf6 5. O-O Be7 6. Re1 b5 7. Bb3 O-O 8.
c3 d5 9. exd5 Nxd5 10. Nxe5 Nxe5 11. Rxe5 c6 12. d4 Bd6 13. Re1 Qh4 14. g3
Qh3 15. Qd3 Bg4 16. Qf1 Qh5 17. f4 Rae8 18. Nd2 Nf6 19. Re5 Bxe5 20. fxe5
Nd5 21. Ne4 f6 22. Bf4 fxe5 23. dxe5 Rxe5 24. Qd3 Be2 25. Qd4 Re6 26. Ng5
Nxf4 27. Bxe6+ Nxe6 28. Nxe6 Rf6 29. Qd8+ Kf7 30. Qd7+ Kg6 31. Qxg7+ Kf5
32. Nd4+ Ke5 33. Qe7+ { Black resigns } 1-0

[Event "ICC tourney 2517 (60 10)"]
[Site "Internet Chess Club"]
[Date "2021.04.17"]
[Round "2"]
[White "WU, ANDY:ScorpianFire7"]
[Black "LUKOSE, JOYCE:IcePotato"]
[Result "1-0"]
[ICCResult "Black checkmated"]
[WhiteElo "1551"]
[BlackElo "1271"]
[Opening "French: advance, Paulsen attack"]
[ECO "C02"]
[NIC "FR.03"]
[Time "13:28:34"]
[PlyCount "127"]
[TimeControl "3600+10"]

1. e4 e6 2. d4 d5 3. e5 c5 4. c3 Nc6 5. Nf3 f6 6. Bf4 Bd7 7. Be2 Qb6 8. Qd2
Be7 9. exf6 Nxf6 10. Ne5 O-O 11. Bg5 Qc7 12. Bf4 Nxe5 13. Bxe5 Bd6 14. Bxd6
Qxd6 15. Bf3 Ne4 16. Bxe4 dxe4 17. dxc5 Qxd2+ 18. Nxd2 Bc6 19. O-O Rad8 20.
Nb3 Rf6 21. Rad1 Rd5 22. Rxd5 Bxd5 23. Re1 Rg6 24. g3 h5 25. h4 Rf6 26. Nd2
Bxa2 27. b3 e5 28. Ra1 Ra6 29. Kf1 Kf7 30. Ke2 Ke6 31. c4 Kf5 32. Ke3 g5
33. hxg5 Kxg5 34. Kxe4 Ra5 35. Kxe5 Rxc5+ 36. Kd4 Ra5 37. Kc3 Kg4 38. Kb2
Rf5 39. f3+ Kxg3 40. Rxa2 h4 41. Rxa7 h3 42. Rxb7 Rh5 43. Rg7+ Kf2 44. Ne4+
Kxf3 45. Ng5+ Ke2 46. Nxh3 Rxh3 47. c5 Kd2 48. c6 Kd3 49. Rd7+ Ke4 50. c7
Rh2+ 51. Kc3 Rh3+ 52. Kc4 Rh2 53. Rd4+ Ke5 54. Rd5+ Ke4 55. Rc5 Rc2+ 56.
Kb4 Rxc5 57. Kxc5 Kd3 58. c8=Q Kc3 59. Kd5+ Kxb3 60. Qc4+ Ka3 61. Qb5 Ka2
62. Kc4 Ka1 63. Kc3 Ka2 64. Qb2# { Black checkmated } 1-0

[Event "ICC tourney 2517 (60 10)"]
[Site "Internet Chess Club"]
[Date "2021.04.17"]
[Round "2"]
[White "VIKAS, HEMA:madscience08"]
[Black "DASARI, ARJUN:CHESSB111"]
[Result "1-0"]
[ICCResult "Black checkmated"]
[WhiteElo "1562"]
[BlackElo "1292"]
[Opening "Ruy Lopez: Anderssen variation"]
[ECO "C77"]
[NIC "RL.12"]
[Time "13:29:01"]
[PlyCount "127"]
[TimeControl "3600+10"]

1. e4 e5 2. Nf3 Nc6 3. Bb5 a6 4. Ba4 Nf6 5. d3 b5 6. Bb3 Be7 7. O-O d6 8.
a4 Bg4 9. Nbd2 O-O 10. h3 Bh5 11. Re1 Nd4 12. c3 Nxb3 13. Qxb3 Rb8 14. axb5
axb5 15. d4 exd4 16. Nxd4 Qd7 17. Ra5 c6 18. Ra6 Rbc8 19. Qa2 h6 20. Nf5 d5
21. g4 Bg6 22. exd5 Nxd5 23. Nxe7+ Nxe7 24. Nf3 Qd6 25. Ne5 Bc2 26. Bf4 Qf6
27. Bg3 Rfd8 28. Nxf7 Qxf7 29. Rxe7 Bb3 30. Rxf7 Bxa2 31. Rb7 Rd1+ 32. Kh2
Bd5 33. Be5 Rh1+ 34. Kg3 Rf8 35. Rxg7+ Kh8 36. Rg5+ Kh7 37. Ra7+ Rf7 38.
Rxf7+ Bxf7 39. Rg7+ Kh8 40. Rxf7+ Kg8 41. Rg7+ Kf8 42. Kg2 Rb1 43. b4 Re1
44. Bd4 Re4 45. Rc7 Re6 46. f4 Re2+ 47. Kg3 Re6 48. g5 hxg5 49. fxg5 Rg6
50. h4 Ke8 51. Kf4 Kd8 52. Rg7 Ke8 53. Rxg6 Kf7 54. Rg7+ Ke6 55. h5 Kd5 56.
h6 Kc4 57. h7 Kb3 58. h8=Q Kc4 59. Qg8+ Kd3 60. Rd7 Kc2 61. Qg6+ Kb3 62.
Qb1+ Kc4 63. Qa2+ Kd3 64. Be5# { Black checkmated } 1-0

[Event "ICC tourney 2517 (60 10)"]
[Site "Internet Chess Club"]
[Date "2021.04.17"]
[Round "2"]
[White "BUCHANAN, ROYAL:Royalegod"]
[Black "GOLDSTEIN, ARAV MICAH:LoopyLoop"]
[Result "1-0"]
[ICCResult "Black checkmated"]
[WhiteElo "1922"]
[BlackElo "1649"]
[Opening "Sicilian"]
[ECO "B50"]
[NIC "SI.01"]
[Time "13:28:54"]
[PlyCount "99"]
[TimeControl "3600+10"]

1. e4 c5 2. Nf3 d6 3. g3 Nf6 4. d3 e6 5. Bg2 d5 6. Qe2 Be7 7. O-O O-O 8. e5
Nfd7 9. c4 d4 10. Bf4 Nc6 11. Nbd2 g5 12. Nxg5 Bxg5 13. Bxc6 bxc6 14. Qg4
h6 15. h4 f5 16. Qh5 Bxf4 17. gxf4 Kh7 18. Kh2 Rg8 19. Nf3 Qe8 20. Ng5+ Kg7
21. Nf7 Qxf7 22. Rg1+ Kf8 23. Qxh6+ Ke7 24. Rxg8 Qxg8 25. Rg1 Qxg1+ 26.
Kxg1 Bb7 27. Qg7+ Ke8 28. h5 Rb8 29. h6 Nf8 30. Qg8 Ke7 31. h7 Nd7 32. Qxb8
Nxb8 33. h8=Q Nd7 34. Qg7+ Ke8 35. a3 Kd8 36. Qf7 Bc8 37. Qxe6 Kc7 38. Qd6+
Kb7 39. e6 Nf6 40. Qe7+ Ka6 41. Qxf6 Ka5 42. e7 Bd7 43. Qd6 Ka4 44. Qxd7
Kb3 45. e8=Q Kxb2 46. Qe2+ Kxa3 47. Qxa7+ Kb3 48. Qaa2+ Kc3 49. Qec2+ Kb4
50. Qcb3# { Black checkmated } 1-0

[Event "ICC tourney 2517 (60 10)"]
[Site "Internet Chess Club"]
[Date "2021.04.17"]
[Round "2"]
[White "ESPINAL, GABRIEL:vsausemicheal"]
[Black "Awad, Rania:raawad"]
[Result "1-0"]
[ICCResult "Black checkmated"]
[WhiteElo "1590"]
[BlackElo "1409"]
[Opening "Pirc defense"]
[ECO "B07"]
[NIC "PU.04"]
[Time "13:29:01"]
[PlyCount "91"]
[TimeControl "3600+10"]

1. d4 d6 2. Nc3 Nf6 3. e4 g6 4. f3 Bg7 5. Be3 a6 6. Qd2 b5 7. O-O-O b4 8.
Nce2 a5 9. Bh6 O-O 10. h4 Nbd7 11. h5 Qe8 12. Bxg7 Kxg7 13. hxg6 fxg6 14.
Qh6+ Kf7 15. Nf4 e5 16. Bc4+ Ke7 17. Qg7+ Rf7 18. Bxf7 Qxf7 19. Qxf7+ Kxf7
20. dxe5 Nxe5 21. Nd5 Nxd5 22. Rxd5 Be6 23. Rd1 Kg7 24. Nh3 h5 25. Nf4 Bf7
26. Nd5 Ra7 27. b3 Nc6 28. Kb2 Kf8 29. a3 Ne7 30. Nxe7 Kxe7 31. axb4 axb4
32. Ra1 Rb7 33. Ra4 c5 34. Rha1 Ke6 35. Ra7 Rb8 36. Rc7 Rd8 37. Raa7 Be8
38. f4 Kf6 39. Rh7 Ke6 40. g3 Kf6 41. c3 bxc3+ 42. Kxc3 Ke6 43. Kc4 Rb8 44.
Rae7+ Kf6 45. Kd5 Rd8 46. Re6# { Black checkmated } 1-0

[Event "ICC tourney 2517 (60 10)"]
[Site "Internet Chess Club"]
[Date "2021.04.17"]
[Round "2"]
[White "GUILLEMETTE, HUGO:Heliosis"]
[Black "Aravindakshan, Sahana:TigerSahi"]
[Result "1-0"]
[ICCResult "Black checkmated"]
[WhiteElo "1894"]
[BlackElo "1626"]
[Opening "Ruy Lopez: closed, 9.d4"]
[ECO "C91"]
[NIC "RL.20"]
[Time "13:28:52"]
[PlyCount "123"]
[TimeControl "3600+10"]

1. e4 e5 2. Nf3 Nc6 3. Bb5 a6 4. Ba4 Nf6 5. O-O Be7 6. Re1 b5 7. Bb3 d6 8.
c3 O-O 9. d4 Bb7 10. Nbd2 Re8 11. Nf1 Bf8 12. Ng3 g6 13. a4 Bg7 14. h3 Nb8
15. axb5 axb5 16. Rxa8 Bxa8 17. dxe5 dxe5 18. Qxd8 Rxd8 19. Nxe5 Rf8 20.
Bf4 c5 21. Bxf7+ Rxf7 22. Nxf7 Kxf7 23. Bxb8 Ke6 24. f4 c4 25. f5+ Kf7 26.
e5 Nd5 27. e6+ Ke8 28. Be5 Bxe5 29. Rxe5 Ke7 30. Re1 Bc6 31. h4 Kf6 32.
fxg6 hxg6 33. h5 gxh5 34. Nxh5+ Ke7 35. g4 Nc7 36. g5 Nxe6 37. Nf4 Bd7 38.
Nxe6 Bxe6 39. Re5 Kf7 40. Rxb5 Kg6 41. Kf2 Bf5 42. Ke3 Kxg5 43. Kd4 Kf6 44.
Rxf5+ Kxf5 45. Kxc4 Ke5 46. Kc5 Ke6 47. Kc6 Ke7 48. Kc7 Ke6 49. b4 Kd5 50.
b5 Kc5 51. b6 Kc4 52. b7 Kxc3 53. b8=Q Kc2 54. Qb4 Kd3 55. Kd6 Ke3 56. Ke5
Kd3 57. Qd4+ Ke2 58. Qc3 Kf2 59. Ke4 Ke2 60. Qc2+ Ke1 61. Kf3 Kf1 62. Qb1#
{ Black checkmated } 1-0

[Event "ICC tourney 2517 (60 10)"]
[Site "Internet Chess Club"]
[Date "2021.04.17"]
[Round "2"]
[White "RAMKUMAR, ADITYA:aditya7708"]
[Black "Chin, Spencer:Baseballchamp"]
[Result "0-1"]
[ICCResult "White resigns"]
[WhiteElo "1627"]
[BlackElo "1913"]
[Opening "Queen's bishop game"]
[ECO "D02"]
[NIC "QP.09"]
[Time "13:28:56"]
[PlyCount "68"]
[TimeControl "3600+10"]

1. Nf3 d5 2. d4 Nf6 3. Bf4 Bf5 4. e3 e6 5. Nbd2 Bd6 6. Bg3 O-O 7. Be2 Nbd7
8. O-O Re8 9. Ne5 Ne4 10. Nxe4 Bxe4 11. f4 f6 12. Nxd7 Qxd7 13. c4 dxc4 14.
Bxc4 Bxg2 15. Kxg2 Qc6+ 16. Qf3 Qxc4 17. Kg1 Qd5 18. Qf2 e5 19. dxe5 fxe5
20. f5 Rf8 21. b3 Qe4 22. Rac1 Rf7 23. Rc4 Qd3 24. e4 b5 25. Rc2 Qxe4 26.
Re2 Qd5 27. Rc1 Raf8 28. Qxa7 Rxf5 29. Qe3 Rf3 30. Qe4 Qf7 31. Kg2 Rf1 32.
Rc3 Rg1+ 33. Kh3 Qf1+ 34. Kg4 Rf4+ { White resigns } 0-1